 Dungeon Crawl Stone Soup version 0.26-a0-682-g294304f6e8 (webtiles) character file.

Game seed: 17913658196662819909

190 Kinoniko the Skirmisher (level 5, -9/59 HPs)
             Began as an Ogre Fighter on Oct 20, 2020.
             Was an Initiate of the Shining One.
             Killed by divine providence
             ... invoked by an orc priest
              (13 damage)
             ... on level 3 of the Dungeon.
             The game lasted 00:04:37 (3479 turns).

Kinoniko the Skirmisher (Ogre Fighter)              Turns: 3479, Time: 00:04:37

Health: -9/59      AC:  3    Str: 18 (20) XL:     5   Next: 69%
Magic:  5/5        EV:  8    Int:  7 (9)  God:    the Shining One [......]
Gold:   119        SH:  8    Dex:  8 (9)  Spells: 4/4 levels left

rFire    . . .     SeeInvis .   a - +0 trident
rCold    . . .     Faith    .   c - +0 kite shield
rNeg     . . .     Spirit   .   b - +0 robe
rPois    .         Reflect  .   (helmet restricted)
rElec    .         Harm     .   (no cloak)
rCorr    .         Rampage  .   (gloves unavailable)
MR       .....                  (boots unavailable)
Stlth    +.........             (no amulet)
HPRegen  0.19/turn              (no ring)
MPRegen  0.09/turn              (no ring)

@: hasted, glowing, very quick
A: large, unfitting armour, tough skin 1
a: Renounce Religion


You were on level 3 of the Dungeon.
You worshipped the Shining One.
The Shining One was noncommittal.
You visited 2 branches of the dungeon, and saw 5 of its levels.

You collected 119 gold pieces.

Inventory:

Hand Weapons
 a - a +0 trident (weapon)
Armour
 b - a +0 robe (worn)
 c - a +0 kite shield (worn)
Jewellery
 g - a +4 ring of protection {unknown}
Scrolls
 e - 3 scrolls of remove curse


   Skills:
 * Level 6.0 Fighting
 * Level 3.9 Polearms
 - Level 2.6 Dodging
 + Level 3.4 Shields


You had 4 spell levels left.
You didn't know any spells.
Your spell library was empty.

Dungeon Overview and Level Annotations

Branches:
Dungeon (4/15)             Temple (1/1) D:4

Altars:
Cheibriados
Dithmenos
Elyvilon
Gozag
Kikubaaqudgha
Nemelex Xobeh
Qazlal
Ru
Sif Muna
Uskayaw
Yredelemnul
Zin
The Shining One


Innate Abilities, Weirdness & Mutations

You are too large for most types of armour.
You have tough skin. (AC +1)


Message History

It was a potion of haste.
You feel yourself speed up. The orc hits you.
* * * LOW HITPOINT WARNING * * *
It was a potion of degeneration.
There was something very wrong with that liquid.
You feel weakened.
You feel dopey.
You feel clumsy. You block the orc's attack.
You barely miss the orc. You block the orc's attack.
You puncture the orc!
You kill the orc!
You block the orc's attack.
The orc priest calls down the wrath of Beogh upon you.
You struggle to resist.
The orc hits you.
* * * LOW HITPOINT WARNING * * *
Unknown command.
As you read the scroll labeled FORGHEAGIU, it crumbles to dust.
It is a scroll of amnesia.
You feel forgetful for a moment. The orc closely misses you.
The orc priest mumbles some strange prayers to Beogh against you.
Beogh smites you!
You die...

###### #######....#
#..........#
#######o.........#######
...gog)@..(.............
..#...o........#########
#.###........## #
#.........# #.........#
#.........# ##...#..<.#
#.#.#....######.
#.#.####........


You could see an orc priest, 2 orcs, a hobgoblin and a goblin.

Vanquished Creatures
  5 adders
  4 gnolls (D:3)
  A howler monkey skeleton (D:4)
  An ooze (D:3)
  4 worms
  4 dart slugs
  8 orcs
  4 bats
  2 giant cockroaches
  7 goblins
  10 hobgoblins
  2 jackals (D:3)
  2 quokkas
  A ball python (D:1)
  2 frilled lizards
  5 kobolds
  6 rats
68 creatures vanquished.

Notes
Turn   | Place    | Note
-------+----------+-------------------------------------------
     0 | D:1      | Kinoniko the Ogre Fighter began the quest for the Orb.
     0 | D:1      | Reached XP level 1. HP: 24/24 MP: 1/1
   145 | D:1      | Reached XP level 2. HP: 32/32 MP: 2/2
   572 | D:1      | Reached XP level 3. HP: 40/40 MP: 3/3
   991 | D:2      | Reached skill level 5 in Fighting
  1124 | D:2      | Reached XP level 4. HP: 34/50 MP: 4/4
  1326 | D:2      | You fall into a shaft and drop 2 floors!
  1350 | D:4      | Found a staircase to the Ecumenical Temple.
  1354 | Temple   | Entered the Ecumenical Temple
  1621 | Temple   | Became a worshipper of the Shining One
  2314 | D:3      | Found an ancient bone altar of Kikubaaqudgha.
  2320 | D:3      | Reached XP level 5. HP: 46/57 MP: 5/5
  2629 | D:2      | Found a white marble altar of Elyvilon.
  2862 | D:2      | Reached skill level 6 in Fighting
  3034 | D:2      | Found a snail-covered altar of Cheibriados.
  3479 | D:3      | Killed from afar by an orc priest

Illustrated notes

Levels and vault maps discovered:
D:1:      eino_arrival_druids_welcome, layout_basic, minmay_misc_feat_tiny
D:2:      layout_basic, cheibriados_altar_1, nicolae_overflow_crystal_walls,
          minmay_misc_feat_plants
D:3:      layout_basic, lemuel_crystal_altar, cheibrodos_sewer_entry_drain,
          minmay_tree_intersection
D:4:      layout_basic, temple_hall_moat
Temple:   dpeg_chambers_temple

Skill      XL: |  1  2  3  4  5 |
---------------+----------------+-----
Shields        | 3 |  3.4
Fighting       | 5 6 |  6.0
Polearms       | 3 |  3.9
Dodging        | |  2.6

Action                   |  1- 3 |  4- 6 || total
-------------------------+-------+-------++-------
Melee: Trident           |    89 |   138 ||   227
  Use: Scroll            |     2 |     1 ||     3
       Potion            |       |     3 ||     3
Armor: Robe              |    17 |    17 ||    34
Dodge: Dodged            |    18 |    38 ||    56
Block: Kite shield       |    29 |    54 ||    83

Table legend: (Time is in decaauts)
 A = Elapsed time spent in this place.
 B = Non-inter-level travel time spent in this place.
 C = Inter-level travel time spent in this place.
 D = Time resting spent in this place.
 E = Time spent auto-exploring this place.
 F = Levels seen in this place.
 G = Mean time per level.
                   A        B        C        D        E       F      G
               +--------+--------+--------+--------+--------+-----+--------+
         Total |   3527 |   3487 |     40 |    962 |   1693 |   5 |  705.4 |
       Dungeon |   3231 |   3191 |     40 |    962 |   1510 |   4 |  807.8 |
        Temple |    295 |    295 |      0 |      0 |    183 |   1 |  295.0 |
               +--------+--------+--------+--------+--------+-----+--------+

Top non-repeatable levels by time:
     D:2: 1326 daAuts
     D:1: 772 daAuts
     D:3: 635 daAuts
     D:4: 497 daAuts
  Temple: 295 daAuts
